 Dungeon Crawl Stone Soup version 0.26.1-2-gb8aa6d0cf2 (webtiles) character file.

Game seed: 4255430288076328787

1980 Mattiprrivan the Sneak (level 9, 0/60 HPs)
             Began as an Octopode Chaos Knight on Feb 14, 2021.
             Was a Plaything of Xom.
             Succumbed to a water moccasin's poison
             ... on level 8 of the Dungeon.
             The game lasted 00:51:14 (7199 turns).

Mattiprrivan the Sneak (Octopode Chaos Knight)      Turns: 7199, Time: 00:51:14

Health: 0/60       AC:  1    Str: 13    XL:     9   Next: 20%
Magic:  9/9        EV: 15    Int: 14    God:    Xom [...*..]
Gold:   560        SH:  0    Dex: 13    Spells: 8/8 levels left

rFire    + . .     SeeInvis .   p - +4 quarterstaff (chaos)
rCold    . . .     Faith    .   (shield currently unavailable)
rNeg     . . .     Spirit   .   (helmet restricted)
rPois    .         Reflect  .   j - amulet of the acrobat
rElec    .         Harm     .   r - ring of protection from fire
rCorr    .         Rampage  .   (no ring)
Will     .....                  (no ring)
Stlth    ++++......             (no ring)
HPRegen  0.20/turn              (no ring)
MPRegen  0.11/turn              (no ring)
                                (no ring)
                                (no ring)

@: brilliant, lethally poisoned (0 -> -13), hasted, very quick
A: almost no armour, stealthy swim, amphibious, 8 rings, constrict 8, camouflage
1, gelatinous body 1
a: Renounce Religion


You were on level 8 of the Dungeon.
You worshipped Xom.
You were a favourite toy of Xom.
You visited 1 branch of the dungeon, and saw 8 of its levels.
You also visited: Sewer.

You collected 560 gold pieces.

Inventory:

Hand Weapons
 a - a +3 hand axe of chaos
 p - a +4 quarterstaff of chaos (weapon)
Missiles
 b - 37 poisoned darts (quivered)
 h - 5 boomerangs
Jewellery
 j - an amulet of the acrobat (around mantle)
 r - a ring of protection from fire (left tentacle)
Wands
 g - a wand of polymorph (4)
Scrolls
 c - a scroll of identify
 d - 2 scrolls of enchant armour
 f - 3 scrolls of immolation
 l - 3 scrolls of remove curse
Potions
 e - a potion of haste
 i - 2 potions of flight
 o - 2 potions of magic


   Skills:
 * Level 4.9 Fighting
 * Level 5.4(6.3) Axes
 * Level 3.4(5.4) Maces & Flails
 * Level 3.3(5.3) Polearms
 * Level 3.3(4.6) Staves
 + Level 1.9 Throwing
 * Level 3.8 Dodging
 * Level 7.1 Stealth
 * Level 3.2 Unarmed Combat
 * Level 2.7 Evocations


You had 8 spell levels left.
You didn't know any spells.
Your spell library contained the following spells:

 Spells                   Type           Power        Failure   Level
 Summon Small Mammal      Summ           0%           28%         1
 Call Imp                 Summ           0%           41%         2
 Call Canine Familiar     Summ           0%           65%         3
 Summon Guardian Golem    Hex/Summ       0%           65%         3
 Summon Ice Beast         Ice/Summ       0%           96%         4
 Summon Lightning Spire   Summ/Air       0%           96%         4


Dungeon Overview and Level Annotations

Branches:
Dungeon (8/15)             Temple (0/1) D:6           Sewer (visited)
   Lair: D:8-11

Altars:
Gozag
Nemelex Xobeh
Xom

Shops:
D:5 [


Innate Abilities, Weirdness & Mutations

You cannot wear most types of armour.
You are very stealthy in the water. (Stealth+)
You are amphibious.
You can wear up to eight rings at the same time.
You can use your tentacles to constrict eight enemies at once.
Your skin changes colour to match your surroundings (Stealth+).
Your rubbery body absorbs attacks. (AC +1, EV +1)


Message History

You kill the water moccasin!
* * * LOW HITPOINT WARNING * * *
You feel sick.
Okay, then.
Okay, then.
You feel yourself speed up.
* * * LOW HITPOINT WARNING * * *
You feel sick.
There is a lethal amount of poison in your body!
You feel clever all of a sudden.
* * * LOW HITPOINT WARNING * * *
You feel sick.
* * * LOW HITPOINT WARNING * * *
You feel sick.
* * * LOW HITPOINT WARNING * * *
You feel sick.
You see here 14 gold pieces.
You now have 560 gold pieces (gained 14).
You die...
Xom giggles madly!

####
##...##
##..$..
##†.#.#
#..@.#
##..#.#
##..$..
##...##
+###


There were no monsters in sight!

Vanquished Creatures
  A human (shapeshifter) (D:6)
  Sigmund (D:2)
  2 water moccasins
  An ice beast (D:6)
  A sky beast (D:6)
  An orc warrior (D:6)
  An ogre (D:5)
  A phantom (D:7)
  2 big kobolds
  Blork the orc (D:6)
  2 bullfrogs (D:6)
  A killer bee (D:8)
  A howler monkey (D:6)
  2 hounds
  Crazy Yiuf (D:6)
  A jelly (D:6)
  2 orc priests
  An iguana (D:7)
  3 orc wizards
  3 worker ants
  A hound zombie (D:7)
  7 adders
  4 river rats (D:5)
  A shadow imp (D:3)
  2 white imps
  An ooze (D:4)
  6 worms
  3 dart slugs
  6 leopard geckos
  18 orcs
  7 goblins
  6 hobgoblins
  4 jackals
  4 quokkas
  5 bats
  4 frilled lizards
  13 kobolds
  6 rats
127 creatures vanquished.

Notes
Turn   | Place    | Note
-------+----------+-------------------------------------------
     0 | D:1      | Mattiprrivan the Octopode Chaos Knight began the quest for
                  | the Orb.
     0 | D:1      | Reached XP level 1. HP: 16/16 MP: 1/1
   149 | D:1      | Reached XP level 2. HP: 21/21 MP: 2/2
   356 | D:1      | XOM: silly message
   627 | D:1      | XOM: potion effect (brilliance)
   680 | D:1      | Reached skill level 1 in Stealth
   680 | D:1      | Reached XP level 3. HP: 26/26 MP: 3/3
   841 | D:1      | XOM: divination: detect creatures
  1037 | D:1      | XOM: silly message
  1139 | D:2      | Noticed Sigmund
  1145 | D:2      | Killed Sigmund
  1146 | D:2      | Reached skill level 1 in Maces & Flails
  1146 | D:2      | Reached skill level 1 in Polearms
  1146 | D:2      | Reached skill level 3 in Stealth
  1146 | D:2      | Reached skill level 1 in Unarmed Combat
  1146 | D:2      | Reached XP level 4. HP: 22/33 MP: 4/4
  1146 | D:2      | Reached XP level 5. HP: 24/37 MP: 5/5
  1285 | D:2      | XOM: silly message
  1425 | D:2      | XOM: silly message
  1442 | D:2      | XOM: silly message
  1487 | D:2      | XOM: divination: magic mapping
  1986 | D:3      | XOM: silly message
  2111 | D:3      | XOM: potion effect (might)
  2130 | D:3      | Reached XP level 6. HP: 43/43 MP: 6/6
  2146 | D:3      | XOM: silly message
  2305 | D:3      | XOM: silly message
  2533 | D:4      | Found an opulent altar of Gozag.
  2776 | D:4      | Reached skill level 4 in Stealth
  3554 | D:5      | Entered Level 5 of the Dungeon
  3597 | D:5      | Reached XP level 7. HP: 47/47 MP: 7/7
  3612 | D:5      | Found Cep Xiph's Antique Armour Shop.
  3721 | D:5      | XOM: noise
  3736 | D:5      | XOM: confuse monster(s)
  3742 | D:5      | Reached skill level 1 in Evocations
  4133 | D:5      | Reached skill level 5 in Stealth
  4135 | D:5      | Reached skill level 1 in Throwing
  4257 | D:5      | Found a glowing drain.
  4264 | Sewer    | Entered a sewer
  4842 | D:6      | Found a runed translucent door.
  4843 | D:6      | Noticed Crazy Yiuf
  4848 | D:6      | Killed Crazy Yiuf
  4884 | D:6      | XOM: cloud trail
  4995 | D:6      | Reached skill level 5 in Axes
  4995 | D:6      | Reached XP level 8. HP: 54/54 MP: 8/8
  4998 | D:6      | XOM: butterfly on damage
  5002 | D:6      | Noticed a shapeshifter
  5002 | D:6      | a centaur changed into a shapeshifter
  5002 | D:6      | a shapeshifter changed into a human
  5010 | D:6      | Reached skill level 6 in Stealth
  5156 | D:6      | Reached skill level 1 in Staves
  5175 | D:6      | Found a sparkling altar of Nemelex Xobeh.
  5184 | D:6      | XOM: silly message
  5304 | D:6      | XOM: divination: magic mapping
  5384 | D:6      | XOM: noise
  5392 | D:6      | Noticed Blork the orc
  5402 | D:6      | Killed Blork the orc
  5630 | D:6      | XOM: noise
  5810 | D:6      | Found a staircase to the Ecumenical Temple.
  5858 | D:6      | XOM: divination: detect creatures
  6177 | D:7      | XOM: noise
  6278 | D:7      | XOM: cleaving
  6282 | D:7      | Reached XP level 9. HP: 25/59 MP: 9/9
  6552 | D:7      | XOM: god gift: hunting sling {god gift}
  6593 | D:7      | XOM: summons friendly iron imp
  6614 | D:7      | XOM: scenery: create altars
  6616 | D:7      | Reached skill level 7 in Stealth
  7186 | D:8      | XOM: fake destruction
  7197 | D:8      | HP: 3/60 [poisoned by a water moccasin]
  7198 | D:8      | HP: 1/60 [poisoned by a water moccasin]
  7199 | D:8      | Succumbed to a water moccasin's poison

Illustrated notes

Levels and vault maps discovered:
D:1:      dpeg_chamrin_arrival_tetris, layout_basic
D:2:      layout_basic, uniq_sigmund
D:3:      layout_rooms
D:4:      layout_basic, grunt_gozag_statues
D:5:      layout_basic, lightli_sewer_entry_pipes, serial_shops,
          nicolae_shop_waterfront
D:6:      layout_rooms, minmay_temple_entry_statues_fountains, basic_altar,
          uniq_blork_the_orc, uniq_crazy_yiuf_cottage
D:7:      layout_basic
D:8:      minmay_polygon_palace, layout_basic, dpeg_lair_monsters,
          kennysheep_generic_room_15

Skill      XL: |  1  2  3  4  5  6  7  8  9 |
---------------+----------------------------+-----
Stealth        | 1 3 4 5 6 7 |  7.1
Maces & Flails | 1 2 3 |  3.4
Polearms       | 1 2 3 |  3.3
Unarmed Combat | 1 2 3 |  3.2
Axes           | 4 5 |  5.4
Dodging        | 3 |  3.8
Evocations     | 1 2 |  2.7
Fighting       | 4 |  4.9
Throwing       | 1 |  1.9
Staves         | 2 3 |  3.3

Action                   |  1- 3 |  4- 6 |  7- 9 || total
-------------------------+-------+-------+-------++-------
Melee: Hand axe          |    50 |    72 |    31 ||   153
       Constrict         |     9 |    19 |    28 ||    56
       Tentacles         |     7 |    13 |    27 ||    47
       Quarterstaff      |       |       |   101 ||   101
       Punch             |       |       |     1 ||     1
Throw: Dart              |     2 |    18 |    21 ||    41
Evoke: Wand              |       |     1 |     7 ||     8
  Use: Scroll            |     5 |     7 |    12 ||    24
       Potion            |     2 |     3 |     9 ||    14
 Stab: Sleeping          |     9 |     6 |     9 ||    24
       Petrified         |       |     7 |       ||     7
       Petrifying        |       |     2 |       ||     2
       Paralysed         |       |     1 |     2 ||     3
       Distracted        |       |       |     1 ||     1
Armor: Skin              |     2 |     4 |     2 ||     8
Dodge: Dodged            |    19 |    29 |    81 ||   129
